Map: Pendiente de Agustín EE

Players

MrFercho - Winner!

  • Race: Zerg Zerg
  • League: Gold
  • Spawn Location: 6:00

TATORREA - Winner!

  • Race: Protoss Protoss
  • League: Gold
  • Spawn Location: 5:00

tigro - Winner!

  • Race: Terran Terran
  • League: Bronze
  • Spawn Location: 6:00

AkbarMOLINA

  • Race: Protoss Protoss
  • League: Silver
  • Spawn Location: 11:00

reneMOLINA

  • Race: Terran Terran
  • Spawn Location: 12:00

ArielBMolina

  • Race: Protoss Protoss
  • Spawn Location: 12:00

VOD

Have the link to the VOD?

Description

Time

  • Played on: July 24, 2020, 9:54 p.m.
  • Length: 8:00
Show
View Real Time Build Order
Export as new Build Order

MrFercho Zerg - Winner!

Build Orders: Hatch First 

Get SALT Encoding   

  12  0:02  Drone  
  13  0:14  Overlord  
  13  0:16  Drone  
  14  0:33  Drone x2  
  16  0:51  Hatchery  
  16  0:54  Drone  
  16  0:56  Drone  
  17  1:00  Drone  
  18  1:10  Extractor  
  17  1:16  Spawning Pool  
  16  1:19  Drone  
  16  1:22  Drone  
  18  1:29  Drone  
  19  1:41  Drone  
  20  1:54  Overlord  
  20  2:03  Queen x2  
  20  2:06  Zergling x4  
  26  2:12  Drone  
  26  2:13  Drone  
  28  2:24  Drone x2  
  30  2:34  Drone  
  30  2:35  Overlord  
  31  2:47  Drone x2  
  33  2:56  Overlord  
  33  2:57  Drone  
  34  3:09  Drone x2  
  36  3:17  Drone x4  
  36  3:18  Drone x2  
  42  3:28  Hatchery  
  42  3:29  Drone x2  
  43  3:37  Drone x2  
  45  3:50  Baneling Nest  
  45  3:53  Extractor, Zergling x6  
  46  4:01  Overlord x2  
  46  4:02  Overlord  
  46  4:03  Overlord  
  46  4:04  Drone  
  46  4:05  Drone x2  
  49  4:10  Extractor  
  49  4:16  Metabolic Boost  
  48  4:18  Zergling x4  
  48  4:19  Zergling x4  
  52  4:32  Zergling x2  
  52  4:33  Zergling x8  
  57  4:44  Drone  
  58  4:56  Drone  
  58  4:57  Hatchery, Drone  
  58  4:58  Lair  
  58  4:59  Zergling x2  
  62  5:00  Zergling x4  
  62  5:03  Overlord x2  
  62  5:06  Zergling x2  
  63  5:14  Zergling x4  
  65  5:26  Zergling x8  
  65  5:27  Zergling x14  
  76  5:35  Evolution Chamber  
  75  5:36  Zergling x4  
  77  5:49  Zergling x14  
  79  6:02  Zergling x6  
  81  6:05  Spore Crawler  
  75  6:42  Zergling x16  
  75  6:43  Zergling x22  
  94  6:55  Zergling x8  
  93  7:09  Zergling x8  
  75  7:35  Zergling x22  
  81  7:43  Baneling x2  
  81  7:44  Baneling x18  
Show
View Real Time Build Order
Export as new Build Order

TATORREA Protoss - Winner!

Build Orders:  

Get SALT Encoding   

  12  0:01  Probe  
  13  0:14  Probe  
  14  0:22  Pylon  
  14  0:26  Probe  
  15  0:40  Probe  
  16  0:47  Gateway  
  16  1:05  Probe  
  16  1:10  Assimilator  
  17  1:13  Pylon  
  17  1:17  Probe  
  18  1:26  Probe  
  19  1:34  Probe  
  19  1:38  Cybernetics Core  
  20  1:43  Probe  
  21  1:47  Gateway  
  21  1:49  Gateway  
  21  1:54  Assimilator  
  21  1:55  Probe  
  22  2:08  Probe  
  23  2:19  Pylon  
  23  2:24  Probe  
  24  2:30  Warp Gate  
  24  2:34  Robotics Facility  
  24  2:38  Nexus  
  24  2:44  Zealot  
  26  2:52  Pylon  
  26  3:06  Gateway  
  26  3:15  Zealot  
  26  3:17  Twilight Council  
  28  3:22  Zealot  
  28  3:25  Sentry  
  32  3:29  Observer  
  33  3:40  Charge  
  33  3:47  Probe  
  34  3:50  Immortal, Probe  
  39  3:59  Probe  
  41  4:02  Probe  
  41  4:11  Probe  
  41  4:15  Probe  
  43  4:19  Pylon  
  43  4:23  Probe  
  44  4:26  Zealot  
  44  4:27  Probe, Zealot  
  49  4:32  Zealot  
  49  4:37  Probe  
  52  4:39  Probe  
  52  4:45  Zealot  
  55  4:49  Probe  
  56  5:01  Zealot  
  56  5:02  Zealot  
  56  5:04  Zealot  
  56  5:05  Pylon  
  56  5:06  Probe  
  63  5:08  Pylon, Probe  
  63  5:12  Zealot  
  66  5:22  Zealot  
  66  5:23  Zealot  
  66  5:24  Zealot  
  66  5:27  Probe  
  73  5:32  Assimilator  
  73  5:34  Assimilator  
  61  6:20  Stalker x3  
  61  6:21  Stalker  
  61  6:24  Probe x2  
  65  6:28  Nexus  
  65  6:31  Pylon  
  55  6:34  Pylon  
  55  6:36  Probe x2  
  51  6:45  Stargate  
  51  6:47  Stalker x2  
  53  6:48  Probe x2, Stargate  
  53  6:50  Stargate  
  57  7:00  Probe  
  58  7:04  Immortal  
  62  7:20  Forge  
  62  7:21  Forge, Probe  
  63  7:23  Forge  
  63  7:27  Probe  
  64  7:33  Probe  
  65  7:40  Probe  
Show
View Real Time Build Order
Export as new Build Order

tigro Terran - Winner!

Build Orders: 2 Factory 

Get SALT Encoding   

  12  0:15  SCV  
  12  0:19  Supply Depot  
  13  0:27  SCV  
  14  0:39  SCV  
  15  0:47  Barracks  
  15  0:51  SCV  
  15  0:54  Refinery  
  16  1:03  SCV  
  17  1:09  Supply Depot  
  17  1:12  Refinery  
  17  1:15  SCV  
  18  1:27  SCV  
  19  1:34  Marine  
  20  1:52  Marine  
  21  1:58  SCV  
  22  2:10  Marine, Factory, SCV  
  24  2:19  Factory  
  24  2:23  SCV  
  24  2:28  Marine  
  26  2:35  SCV  
  27  2:45  Marine  
  27  2:46  Engineering Bay  
  27  2:48  Orbital Command  
  28  3:04  Factory Tech Lab  
  28  3:14  Starport  
  28  3:19  Barracks Tech Lab  
  28  3:25  Siege Tank  
  31  3:42  Combat Shield  
  31  3:57  Siege Tank  
  34  4:07  Medivac  
  36  4:12  Command Center  
  36  4:32  Marine  
  37  4:40  Starport Tech Lab  
  37  4:49  Marine  
  38  5:07  Marine  
  39  5:25  Marine  
  37  5:43  Marine  
  35  6:01  Marine  
  28  6:18  Marine  
  29  6:36  Marine  
  30  6:40  Siege Tank  
  33  6:51  Refinery  
  33  6:54  Marine  
  34  7:07  Banshee  
  37  7:12  Marine  
  38  7:30  Marine  
Show
View Real Time Build Order
Export as new Build Order

AkbarMOLINA Protoss 

Build Orders: 1 Gate Expand 

Get SALT Encoding   

  12  0:01  Probe  
  13  0:15  Probe  
  13  0:19  Pylon  
  14  0:23  Probe  
  15  0:39  Gateway, Probe  
  16  0:49  Assimilator  
  16  0:51  Probe  
  17  1:03  Probe  
  18  1:24  Nexus  
  18  1:30  Cybernetics Core  
  18  1:42  Gateway  
  18  1:47  Zealot  
  20  2:03  Pylon  
  20  2:05  Probe  
  20  2:06  Pylon  
  21  2:08  Warp Gate  
  21  2:15  Zealot  
  23  2:36  Twilight Council  
  25  2:37  Zealot  
  25  2:41  Probe  
  25  2:42  Assimilator  
  25  2:43  Probe  
  27  2:51  Probe  
  27  2:54  Zealot  
  30  3:02  Charge  
  30  3:09  Zealot  
  32  3:23  Probe  
  33  3:28  Probe  
  33  3:33  Zealot  
  36  3:35  Probe  
  36  3:40  Probe  
  38  3:41  Gateway  
  38  3:47  Gateway, Probe  
  39  3:52  Probe  
  40  3:59  Forge  
  40  4:04  Probe  
  40  4:05  Probe  
  42  4:13  Pylon  
  42  4:16  Pylon, Probe  
  43  4:20  Probe  
  44  4:28  Probe  
  44  4:29  Zealot  
  47  4:31  Zealot  
  47  4:32  Probe  
  50  4:43  Zealot  
  52  4:50  Probe x2  
  54  5:02  Probe x2  
  54  5:03  Zealot x4  
  64  5:29  Stalker x2  
  64  5:30  Stalker  
  53  5:54  Zealot x4  
  36  6:16  Zealot x2  
Show
View Real Time Build Order
Export as new Build Order

reneMOLINA Terran 

Build Orders:  

Get SALT Encoding   

  12  0:01  SCV  
  13  0:13  SCV  
  14  0:25  SCV  
  14  0:27  Supply Depot  
  15  0:48  SCV  
  16  0:51  Barracks  
  16  0:57  Refinery  
  16  1:00  SCV  
  17  1:12  SCV  
  18  1:24  SCV  
  19  1:49  Command Center  
  20  1:54  Reaper  
  20  1:55  Orbital Command  
  20  1:59  Refinery  
  20  2:25  SCV  
  21  2:38  Supply Depot, SCV  
  21  2:42  Barracks Tech Lab  
  22  2:50  SCV  
  23  3:02  SCV x2  
  23  3:03  Factory  
  23  3:04  Refinery  
  25  3:06  Refinery  
  25  3:08  Marine  
  26  3:14  SCV x2  
  27  3:26  Marine, SCV x2  
  30  3:38  SCV x2  
  32  3:50  SCV x2  
  32  3:51  Armory  
  34  4:01  Barracks Tech Lab  
  34  4:02  SCV  
  35  4:03  SCV  
  35  4:04  Siege Tank  
  39  4:14  SCV  
  39  4:15  SCV  
  41  4:26  SCV  
  41  4:27  SCV  
  43  4:33  Supply Depot  
  43  4:35  Marauder  
  45  4:38  Armory  
  45  4:39  SCV  
  45  4:40  Terran Vehicle Weapons Level 1  
  46  4:55  Siege Tank, SCV  
  46  4:56  Marauder, Supply Depot  
  52  5:05  Concussive Shells  
  52  5:07  SCV  
  53  5:18  Supply Depot  
  53  5:27  Factory  
  53  5:41  Supply Depot  
  53  6:04  Supply Depot  
  50  6:28  Supply Depot  
  50  6:42  Siege Tank  
  33  7:14  Siege Tank  
Show
View Real Time Build Order
Export as new Build Order

ArielBMolina Protoss 

Build Orders:  

Get SALT Encoding   

  1  0:00  Probe  
  12  0:05  Probe  
  14  0:20  Pylon  
  14  0:24  Probe  
  15  0:34  Assimilator  
  15  0:38  Probe  
  16  0:47  Gateway  
  16  0:55  Assimilator  
  16  1:14  Probe  
  17  1:26  Probe  
  18  1:41  Cybernetics Core  
  18  1:54  Probe  
  19  2:10  Nexus  
  19  2:12  Warp Gate  
  19  2:15  Assimilator  
  19  2:27  Stargate  
  19  2:48  Probe  
  19  2:57  Probe  
  21  3:06  Probe  
  22  3:14  Void Ray  
  22  3:16  Pylon  
  22  3:21  Probe  
  27  3:29  Probe  
  28  3:39  Probe  
  29  3:51  Void Ray, Probe  
  30  3:57  Assimilator  
  34  4:03  Probe  
  34  4:06  Protoss Air Weapons Level 1  
  35  4:25  Void Ray  
  35  4:32  Fleet Beacon  
  39  4:42  Probe  
  40  4:55  Probe  
  41  5:04  Void Ray  
  41  5:07  Probe  
  46  5:55  Forge  
  46  6:24  Stargate  
  46  6:29  Pylon  
  46  6:37  Carrier  
  46  6:47  Probe  
Tags
 
Add a new tag
Caveats
  • Supply blocks, unpowered buildings, or Contaminate may cause inaccurate times.
  • Supply counts are checked every 10 seconds.